 Dungeon Crawl Stone Soup version 0.25.0-9-g26727b657a (webtiles) character file.

Game seed: 16464431421084708462

13055 Delamore the Blocker (level 12, 0/71 HPs)
             Began as a Gargoyle Fighter on June 20, 2020.
             Was a High Priest of Okawaru.
             Killed by divine providence
             ... invoked by an orc priest
              (9 damage)
             ... on level 1 of the Orcish Mines.
             The game lasted 00:16:38 (12323 turns).

Delamore the Blocker (Gargoyle Fighter)            Turns: 12323, Time: 00:16:39

Health: 0/71       AC: 23    Str: 24    XL:     12   Next: 2%
Magic:  12/12      EV: 10    Int: 10    God:    Okawaru [*****.]
Gold:   748        SH: 14    Dex:  9    Spells: 11/11 levels left

rFire    . . .     SeeInvis .     - Unarmed
rCold    . . .     Gourm    .   b - +0 kite shield
rNeg     + . .     Faith    .   m - +0 swamp dragon scales
rPois    ∞         Spirit   .   x - +0 helmet
rElec    +         Reflect  .   h - scarf {repulsion}
rCorr    .         Harm     .   B - +0 pair of gloves
MR       .....                  (no boots)
Stlth    ..........             (no amulet)
HPRegen  0.21/turn              v - +4 ring of protection
MPRegen  0.13/turn              (no ring)

@: berserk cooldown, slowed, repel missiles, very slow
A: negative energy resistance 1, electricity resistance, unbreathing,
petrification resistance, rot immunity, AC +8
a: Heroism, Finesse, Renounce Religion


You were on level 1 of the Orcish Mines.
You worshipped Okawaru.
Okawaru was extremely pleased with you.
You were not hungry.

You visited 3 branches of the dungeon, and saw 11 of its levels.

You collected 748 gold pieces.

Inventory:

Hand Weapons
 r - the +0 dire flail of Neurosis {freeze, rC+ MP-9 Str+6}
   (Okawaru gifted it to you on level 1 of the Orcish Mines)

   It has been specially enchanted to freeze those struck by it, causing extra
   injury to most foes and up to half again as much damage against particularly
   susceptible opponents.
   It can also slow down cold-blooded creatures.
   It affects your strength (+6).
   It protects you from cold.
   It affects your magic capacity (-9).
Missiles
 f - 49 poisoned darts (quivered)
Armour
 b - a +0 kite shield (worn)
 h - a scarf of repulsion (worn)
 m - +0 swamp dragon scales (worn)
 x - a +0 helmet (worn)
 B - a +0 pair of gloves (worn)
Jewellery
 v - a +4 ring of protection (left hand)
Wands
 C - a wand of disintegration (17)
Scrolls
 g - a scroll of enchant armour
 i - 5 scrolls of teleportation
 j - 3 scrolls of enchant weapon
 k - 5 scrolls of remove curse
 n - a scroll of immolation
 o - a scroll of random uselessness
 q - a scroll of noise
 u - a scroll of fear
 z - 2 scrolls of amnesia
 E - a scroll of fog
 F - a scroll of vulnerability {unknown}
Potions
 a - a potion of haste
 c - 2 potions of might
 e - 2 potions of mutation
 l - 4 potions of flight
 s - 3 potions of stabbing
 t - a potion of lignification
 w - 2 potions of curing
Comestibles
 d - 17 rations
 A - 11 chunks of flesh


   Skills:
 - Level 6.7 Fighting
 - Level 3.2 Armour
 + Level 14.6 Shields
 - Level 12.7 Unarmed Combat


You had 11 spell levels left.
You didn't know any spells.
Your spell library contained the following spells:

 Spells                   Type           Power        Failure   Level  Hunger
 Animate Skeleton         Necr           N/A          52%         1    ##.....
 Pain                     Necr           #...         52%         1    ##.....
 Summon Small Mammal      Summ           #...         52%         1    ##.....
 Call Imp                 Summ           #.......     67%         2    ###....
 Call Canine Familiar     Summ           #.......     88%         3    ####...
 Summon Guardian Golem    Hex/Summ       #.......     88%         3    ####...
 Vampiric Draining        Necr           #.........   88%         3    ####...
 Animate Dead             Necr           N/A          99%         4    #####..
 Summon Ice Beast         Ice/Summ       #.......     99%         4    #####..
 Summon Lightning Spire   Summ/Air       #.......     99%         4    #####..
 Agony                    Necr           #.......     100%        5    ######.


Dungeon Overview and Level Annotations

Branches:
Dungeon (9/15)             Temple (0/1) D:5            Lair (1/6) D:9
    Orc (1/2) D:9

Altars:
Dithmenos
Fedhas
Makhleb
Nemelex Xobeh
Okawaru
Trog
Vehumet
Wu Jian
Beogh


Innate Abilities, Weirdness & Mutations

You are resistant to torment.
Your stone body is resilient. (AC +8)
You are immune to poison.
You resist negative energy. (rN+)
You are resistant to electric shocks. (rElec)
You can survive without breathing.
You are immune to petrification.
You are immune to rotting.


Message History

The orc warrior is severely wounded.
You are no longer berserk.
You are exhausted.
You feel yourself slow down. You block the orc warrior's attack.
The orc barely misses you.
You closely miss the orc warrior.
The orc warrior is severely wounded.
The orc wizard mumbles some strange words.
The orc wizard blinks!
You block the orc's attack.
The orc warrior hits you but does no damage.
The orc barely misses you.
You punch the orc warrior!
You kill the orc warrior!
Okawaru accepts your kill. You block the orc's attack. x2
The orc priest looks braver for a moment.
You block the orc's attack. The orc closely misses you.
The orc priest calls down the wrath of Beogh upon you.
Beogh smites you!
You die...

#.........######.....
#.#.....#.# #......
#.........# ##.....
#.#.....#.# ###...
#.........# ##...
#.#.....#.# #....
#..$......# ##...
#.#oo...#.# ###.
#...@o....# ##
#####o#####


oo8 ...# _..# ...# ..8# #### You could see 2 orc priests, an orc wizard and 3
orcs.

Vanquished Creatures
  2 two-headed ogres
  Maggie (D:6)
  A komodo dragon (Lair:1)
  3 trolls
  Prince Ribbit (D:7)
  Grinder (D:6)
  Sigmund (D:6)
  3 yaks (Lair:1)
  Menkaure (D:7)
  3 wargs (D:9)
  A water moccasin (D:5)
  2 porcupines (Lair:1)
  5 orc warriors
  4 ice beasts
  A black bear (D:7)
  A sky beast (D:7)
  7 ogres
  2 phantoms
  A hornet zombie (D:6)
  7 centaurs
  A crocodile (Lair:1)
  2 big kobolds (D:9)
  5 bullfrogs
  2 scorpions
  20 wights
  2 electric eels
  A howler monkey (D:6)
  2 bullfrog zombies
  5 crimson imps
  A centaur zombie (D:8)
  5 hounds
  2 jellies
  2 bullfrog skeletons
  A centaur skeleton (D:8)
  9 orc priests
  12 orc wizards
  Jessica (D:2)
  7 iguanas
  4 worker ants
  A killer bee zombie (D:9)
  A hound zombie (D:7)
  A hound skeleton (D:4)
  A worker ant zombie (D:5)
  20 adders
  7 gnolls
  2 shadow imps
  2 oozes
  4 worms
  A dart slug (D:2)
  7 leopard geckos
  38 orcs
  5 ball pythons
  5 bats
  9 giant cockroaches
  6 goblins
  8 hobgoblins
  7 jackals
  8 quokkas
  8 frilled lizards
  A jackal zombie (D:8)
  15 kobolds
  A leopard gecko skeleton (D:5)
  A quokka skeleton (D:9)
  A quokka zombie (D:7)
  10 rats
302 creatures vanquished.

Notes
Turn   | Place    | Note
-------+----------+-------------------------------------------
     0 | D:1      | Delamore the Gargoyle Fighter began the quest for the Orb.
     0 | D:1      | Reached XP level 1. HP: 14/14 MP: 1/1
   276 | D:1      | Reached XP level 2. HP: 19/19 MP: 2/2
   931 | D:2      | Reached XP level 3. HP: 22/23 MP: 3/3
  1068 | D:2      | Reached XP level 4. HP: 26/28 MP: 4/4
  1165 | D:2      | Found a radiant altar of Vehumet.
  1172 | D:2      | Found a burning altar of Makhleb.
  1210 | D:2      | Noticed Jessica
  1225 | D:2      | Killed Jessica
  1225 | D:2      | Reached skill level 5 in Unarmed Combat
  1225 | D:2      | Reached XP level 5. HP: 27/32 MP: 5/5
  1350 | D:2      | Found an iron altar of Okawaru.
  1355 | D:2      | Became a worshipper of Warmaster Okawaru
  2484 | D:3      | Reached XP level 6. HP: 23/38 MP: 6/6
  3165 | D:4      | Reached * piety under Okawaru
  3257 | D:4      | Reached XP level 7. HP: 40/44 MP: 7/7
  3452 | D:4      | Reached skill level 5 in Fighting
  3535 | D:4      | Found an ornate altar of the Wu Jian Council.
  4386 | D:5      | Entered Level 5 of the Dungeon
  4398 | D:5      | Reached XP level 8. HP: 47/51 MP: 8/8
  4968 | D:5      | Reached ** piety under Okawaru
  4968 | D:5      | Reached skill level 4 in Shields
  5036 | D:5      | Found a staircase to the Ecumenical Temple.
  5582 | D:5      | Reached skill level 5 in Shields
  6157 | D:6      | Reached XP level 9. HP: 46/56 MP: 9/9
  6319 | D:6      | Reached skill level 6 in Shields
  6338 | D:6      | Found a shadowy altar of Dithmenos.
  6762 | D:6      | Noticed Sigmund
  6953 | D:6      | Killed Sigmund
  6953 | D:6      | Reached *** piety under Okawaru
  6962 | D:6      | Reached skill level 7 in Shields
  7022 | D:6      | Noticed Grinder
  7025 | D:6      | Paralysed by Grinder for 3 turns
  7034 | D:6      | Killed Grinder
  7063 | D:6      | Reached skill level 10 in Unarmed Combat
  7289 | D:6      | Found a sparkling altar of Nemelex Xobeh.
  7330 | D:6      | Got a jewelled trident
  7331 | D:6      | Identified the +4 trident of the Thing {drain, Dex+3} (You
                  | found it on level 6 of the Dungeon)
  7347 | D:6      | Noticed Maggie
  7368 | D:6      | Killed Maggie
  7660 | D:6      | Reached skill level 8 in Shields
  7683 | D:7      | Reached skill level 11 in Shields
  7683 | D:7      | Reached XP level 10. HP: 59/61 MP: 10/10
  7776 | D:7      | Found a blossoming altar of Fedhas.
  7818 | D:7      | Noticed Prince Ribbit
  7991 | D:7      | Killed Prince Ribbit
  8065 | D:7      | Reached **** piety under Okawaru
  8065 | D:7      | Reached XP level 11. HP: 63/66 MP: 11/11
  8261 | D:7      | Noticed Menkaure
  8269 | D:7      | Killed Menkaure
  8655 | D:8      | Reached skill level 12 in Shields
  9462 | D:8      | Found a bloodstained altar of Trog.
 10068 | D:9      | Noticed a two-headed ogre
 10088 | D:8      | Killed a two-headed ogre
 10209 | D:9      | Reached ***** piety under Okawaru
 10219 | D:9      | Reached skill level 13 in Shields
 10380 | D:9      | Noticed a two-headed ogre
 10394 | D:9      | Killed a two-headed ogre
 10631 | D:9      | Found a staircase to the Orcish Mines.
 10687 | D:9      | Found a staircase to the Lair.
 11044 | Lair:1   | Entered Level 1 of the Lair of Beasts
 11137 | Lair:1   | Reached skill level 14 in Shields
 11432 | Lair:1   | Noticed an ice dragon
 11660 | Orc:1    | Entered Level 1 of the Orcish Mines
 12026 | Orc:1    | Received a gift from Okawaru
 12026 | Orc:1    | Reached XP level 12. HP: 51/71 MP: 12/12
 12029 | Orc:1    | Got a faintly glowing dire flail {god gift}
 12035 | Orc:1    | Identified the +0 dire flail of Neurosis {freeze, rC+ MP-9
                  | Str+6} (Okawaru gifted it to you on level 1 of the Orcish
                  | Mines)
 12292 | Orc:1    | Found a roughly hewn altar of Beogh.
 12323 | Orc:1    | Killed from afar by an orc priest

Illustrated notes

Levels and vault maps discovered:
D:1:      mushboom_english_gardens, layout_basic
D:2:      layout_loops_corners, amethyst_overflow_temple_binary, st_stairs_11,
          okawaru_ov_weapons_minmay, uniq_jessica
D:3:      layout_loops_ring
D:4:      minmay_razor_zed, layout_basic, old_standard_altar, first_ration,
          amethyst_killhole
D:5:      layout_loops_corners, minmay_temple_entry_sparse_star,
          minmay_starry_boxes
D:6:      lemuel_upstairs_altar, layout_loops_ring, grunt_dithmenos_shadows,
          kennysheep_little_box, uniq_grinder, uniq_sigmund, uniq_maggie
D:7:      layout_cave_pools, serial_column_ruins, column_ruins_open_tiny,
          column_ruins_open_tiny, column_ruins_open_medium,
          column_ruins_open_small, fedhas_altar_2, uniq_prince_ribbit1,
          uniq_menkaure
D:8:      layout_basic, lightli_temple_of_fire
D:9:      cheibrodos_helix_gallery, layout_loops_ring,
          erik_lair_orcish_takeover, orc_0_dummy, enter_bailey_6
Lair:1:   dragon1_lemuel, layout_chaotic_city, uniq_fannar
Orc:1:    layout_caves, basic_altar, minmay_orc_temple_b

Skill      XL: |  1  2  3  4  5  6  7  8  9 10 11 |
---------------+----------------------------------+-----
Unarmed Combat | 3 4 5 6 7 9 12 | 12.7
Fighting       | 4 6 |  6.7
Shields        | 5 11 14 | 14.6
Armour         | |  3.2

Action                   |  1- 3 |  4- 6 |  7- 9 | 10-12 || total
-------------------------+-------+-------+-------+-------++-------
Melee: Unarmed           |   123 |   340 |   429 |   534 ||  1426
Throw: Dart              |       |     4 |       |     6 ||    10
Invok: Heroism           |       |       |     1 |     1 ||     2
       Finesse           |       |       |       |     1 ||     1
  Use: Scroll            |       |     3 |    13 |     2 ||    18
       Potion            |       |       |     4 |     5 ||     9
 Stab: Distracted        |       |     1 |       |       ||     1
       Sleeping          |       |       |     4 |       ||     4
  Eat: Chunk             |       |     8 |    13 |    17 ||    38
Armor: Scale mail        |    78 |   165 |   153 |       ||   396
       Swamp dragon scal |       |       |     4 |   161 ||   165
       Troll leather arm |       |       |       |    31 ||    31
       Skin              |       |       |       |    21 ||    21
Dodge: Dodged            |    45 |   102 |   111 |   164 ||   422
       Repelled          |       |       |     3 |    11 ||    14
Block: Kite shield       |    80 |   166 |   109 |    80 ||   435
       Buckler           |       |       |    24 |   122 ||   146
